 Dungeon Crawl Stone Soup version 0.20-a0-46-g4a4b873 (webtiles) character file.

43266 Yakui the Covert (level 14, -3/111 HPs)
             Began as a Human Assassin on Oct 31, 2016.
             Was the Champion of Dithmenos.
             Slain by a hand axe of electrocution (16 damage)
             ... on level 10 of the Dungeon on Nov 13, 2016.
             The game lasted 01:29:28 (18861 turns).

Yakui the Covert (Human Assassin)                  Turns: 18861, Time: 01:29:29

Health: -3/111     AC:  9    Str: 17    XL:     14   Next: 59%
Magic:  19/19      EV: 22    Int: 13    God:    Dithmenos [******]
Gold:   1122       SH: 22    Dex: 22    Spells: 0 memorised, 13 levels left

rFire  . . .     SeeInvis .     A - +2 short sword (venom)
rCold  . . .     Gourm    .     c - +1 leather armour of the Komodo Dragon {Str+3}
rNeg   . . .     Faith    .     v - +5 shield of Amelioration {Regen+ Str+3}
rPois  .         Spirit   .     G - +1 helmet
rElec  .         Reflect  +     C - +1 cloak
rCorr  .         Harm     .     (no gloves)
MR     +....                    k - +0 pair of boots
Stlth  ++++++++..               u - +5 amulet of reflection
                                U - +3 ring of dexterity
                                n - +3 ring of evasion

@: wreathed by umbra, drained
A: no striking features
a: Shadow Step, Shadow Form, Renounce Religion


You were on level 10 of the Dungeon.
You worshipped Dithmenos.
Dithmenos was exalted by your worship.
You were very hungry.

You visited 4 branches of the dungeon, and saw 19 of its levels.

You collected 1255 gold pieces.
You spent 133 gold pieces at shops.

Inventory:

Hand Weapons
 o - a +2 dagger of venom
 A - a +2 short sword of venom (weapon)
 D - a +0 blowgun
Missiles
 e - 77 poisoned needles
 f - 9 curare-tipped needles
 w - 8 needles of sleeping
Armour
 c - the +1 leather armour of the Komodo Dragon (worn) {Str+3}
   (You bought it in a shop on level 2 of the Orcish Mines)

   It affects your strength (+3).
 k - a +0 pair of boots (worn)
 v - the +5 shield of Amelioration (worn) {Regen+ Str+3}
   (You found it on level 4 of the Dungeon)

   It affects your strength (+3).
   It increases your rate of regeneration.
 C - a +1 cloak (worn)
 G - a +1 helmet (worn)
 H - a +0 ring mail of fire resistance
 Z - a +0 troll leather armour {Snorg}
Jewellery
 i - an uncursed ring of protection from cold
 n - a +3 ring of evasion (left hand)
 u - a +5 amulet of reflection (around neck)
 U - a +3 ring of dexterity (right hand)
Wands
 d - a wand of acid (8/15)
 y - a wand of polymorph (7/24)
 E - a wand of confusion (19/48)
 J - a wand of lightning (3/15)
 L - a wand of lightning (10/15)
 X - a wand of disintegration (14/24)
Scrolls
 b - 2 scrolls of fog
 j - 4 scrolls of enchant weapon
 l - 6 scrolls of blinking
 m - 4 scrolls of remove curse
 p - 3 scrolls of teleportation
 B - 2 scrolls of magic mapping
 O - 5 scrolls of identify
 P - 2 scrolls of enchant armour
 T - 2 scrolls of amnesia
Potions
 a - a potion of brilliance
 h - 4 potions of curing
 q - a potion of haste
 r - 4 potions of agility
 x - 2 potions of magic
 F - a potion of cancellation
 I - 4 potions of lignification
 K - a potion of berserk rage
 R - a potion of flight
Comestibles
 g - 7 bread rations
 s - 12 slices of pizza
 t - 7 meat rations
 z - 3 beef jerkies
 M - 4 fruits


   Skills:
 + Level 10.9(9.6) Fighting
 + Level 11.0(9.7) Short Blades
 - Level 2.0(0.9) Throwing
 + Level 11.0(9.7) Dodging
 + Level 11.3(9.9) Stealth
 + Level 10.8(9.5) Shields
 - Level 7.0(5.8) Invocations


You had 13 spell levels left.
You didn't know any spells.

Dungeon Overview and Level Annotations

Branches:
Dungeon (10/15)            Temple (1/1) D:5            Lair (6/6) D:9
  Swamp (0/4) Lair:2        Snake (0/4) Lair:3        Slime (0/5) Lair:6
    Orc (2/2) D:10            Elf (0/3) Orc:2

Altars:
Ashenzari
Cheibriados
Dithmenos
Elyvilon
Fedhas
Gozag
Hepliaklqana
Kikubaaqudgha
Makhleb
Nemelex Xobeh
Okawaru
Qazlal
Ru
Sif Muna
Trog
Uskayaw
Vehumet
Xom
Yredelemnul
Zin
The Shining One
Jiyva

Shops:
D:6 %   Orc:2 :}*%


Message History

Items here: ))) [[ a dagger; a ring mail; a war axe; a plate armour; a flail
There is a staircase back to the Dungeon, spattered with blood here.
You block the hand axe of electrocution's attack. x2
You climb upwards.
Welcome back to the Dungeon!
There is a staircase to the Orcish Mines here.
You miss the hand axe of electrocution.
Your shadow hits the hand axe of electrocution but does no damage.
The hand axe of electrocution barely misses you.
The hand axe of electrocution hits you but does no damage.
The hand axe of electrocution hits you!
You are electrocuted!
* * * LOW HITPOINT WARNING * * *
There is an open door, spattered with blood here.
The hand axe of electrocution hits you.
* * * LOW HITPOINT WARNING * * *
You block the hand axe of electrocution's attack.
The hand axe of electrocution hits you!
* * * LOW HITPOINT WARNING * * *
You are electrocuted!
You die...

.#######....................# .#
#........###.........# .#
#........#.########..# .#
#........#........#..#
.#######........#........#..#
................#........#..#
....)...........#........#..#
.............####........#..#####
###'######...'..@(.......#......#
.........#...#....###'##.#......#
.........#...######....#.#..>...#
.........'.............#.#....###
.........'.............###....#
.........#............>.......#
.........#....................#
##########....................#
...........................####


You could see a hand axe of electrocution.

Vanquished Creatures
  Snorg (Lair:5)
  A hydra (Lair:2)
  Harold (Lair:4)
  An orc high priest (Orc:2)
  Sonja (D:10)
  A hill giant (D:10)
  4 orc knights
  A wolf spider (shapeshifter) (D:8)
  5 orc sorcerers
  5 elephants
  Maurice (D:9)
  6 black mambas
  6 spiny frogs
  Psyche (D:10)
  A gargoyle (D:10)
  5 rime drakes
  8 komodo dragons
  2 tyrant leeches (Lair:2)
  4 trolls
  8 blink frogs (Lair:6)
  A polar bear (Lair:5)
  A slime creature (Lair:6)
  11 dream sheep
  8 hippogriffs
  24 yaks
  Sigmund (D:4)
  4 hogs (D:7)
  A human (D:7)
  2 basilisks (Lair:6)
  4 wyverns
  The ghost of Philosophy the Charmwright, an amateur HESk of Okawaru (D:3)
  3 wargs (Orc:1)
  A naga (Lair:3)
  A mottled dragon (Lair:6)
  8 water moccasins
  7 porcupines
  5 hell hounds
  21 orc warriors
  3 black bears
  An eye of draining (D:9)
  4 sky beasts
  5 ice beasts
  A phantom (D:8)
  4 necrophages (Lair:5)
  6 ogres
  13 wolves
  9 crocodiles
  5 centaurs
  A big kobold (D:8)
  14 bullfrogs
  A gnoll sergeant (D:9)
  A water moccasin zombie (D:9)
  2 scorpions
  4 killer bees (D:9)
  5 wights (D:6)
  An electric eel (D:7)
  3 howler monkeys
  6 crimson imps
  3 centaur zombies
  A gnoll shaman (D:8)
  5 hounds
  A centaur skeleton (D:10)
  2 jellies
  15 orc priests
  19 orc wizards
  2 bullfrog skeletons
  9 iguanas
  Ijyb (D:3)
  7 worker ants
  8 hell rats
  A hound zombie (D:7)
  2 worker ant zombies (D:10)
  17 gnolls
  12 adders
  4 river rats (D:8)
  A shadow imp (D:8)
  2 oozes (D:1)
  An adder skeleton (D:5)
  3 worms
  A dart slug (D:1)
  4 leopard geckos
  63 orcs
  8 bats
  7 giant cockroaches
  10 goblins
  5 hobgoblins
  13 jackals
  11 kobolds
  4 quokkas
  3 ball pythons
  A ball python skeleton (D:4)
  5 frilled lizards
  A jackal skeleton (D:6)
  31 rats
  A fungus (Lair:6)
540 creatures vanquished.

Vanquished Creatures (collateral kills)
  3 yaks (Lair:1)
3 creatures vanquished.

Vanquished Creatures (others)
  Nessos (Lair:6)
  A kobold (D:8)
  A bush (Lair:6)
  4 fungi (Lair:6)
  7 plants
14 creatures vanquished.

Grand Total: 557 creatures vanquished

Notes
Turn   | Place    | Note
-------+----------+-------------------------------------------
     0 | D:1      | Yakui the Human Assassin began the quest for the Orb.
     0 | D:1      | Reached XP level 1. HP: 16/16 MP: 1/1
    99 | D:1      | Reached XP level 2. HP: 20/22 MP: 2/2
   487 | D:1      | Reached XP level 3. HP: 27/27 MP: 3/3
  1255 | D:1      | Reached XP level 4. HP: 6/34 MP: 4/4
  2641 | D:3      | Reached skill level 5 in Stealth
  2663 | D:3      | Reached XP level 5. HP: 34/40 MP: 5/5
  2823 | D:3      | Noticed Ijyb
  2841 | D:3      | Killed Ijyb
  2867 | D:3      | Noticed Philosophy's ghost (amateur HESk)
  3022 | D:3      | You fall through a shaft for 2 floors!
  3022 | D:5      | Entered Level 5 of the Dungeon
  3062 | D:5      | Reached XP level 6. HP: 37/47 MP: 6/6
  3459 | D:4      | Got a dazzling shield
  3465 | D:4      | Identified the +5 shield of Amelioration {Regen+ Str+3} (You found it on level 4 of the Dungeon)
  3906 | D:3      | Killed Philosophy's ghost
  3906 | D:3      | Reached XP level 7. HP: 52/52 MP: 7/7
  4020 | D:4      | Noticed Sigmund
  4028 | D:4      | Killed Sigmund
  4079 | D:4      | Reached XP level 8. HP: 59/60 MP: 8/8
  4856 | D:5      | Found a staircase to the Ecumenical Temple.
  4862 | Temple   | Entered the Ecumenical Temple
  4968 | Temple   | Became a worshipper of Dithmenos the Shadowed
  5629 | D:6      | Reached XP level 9. HP: 67/67 MP: 9/9
  5691 | D:6      | Reached skill level 5 in Fighting
  5706 | D:6      | Reached skill level 5 in Short Blades
  5840 | D:6      | Reached skill level 5 in Dodging
  6207 | D:6      | Reached skill level 5 in Shields
  6314 | D:6      | Found Joce's Food Shoppe.
  6450 | D:7      | Reached * piety under Dithmenos
  6819 | D:7      | Reached XP level 10. HP: 53/76 MP: 10/10
  6957 | D:7      | Reached skill level 1 in Invocations
  6963 | D:7      | Found a burning altar of Makhleb.
  7490 | D:8      | Reached ** piety under Dithmenos
  7780 | D:8      | Reached *** piety under Dithmenos
  8037 | D:8      | Got an ichor-stained buckler
  8052 | D:8      | Identified the cursed -2 buckler "Lixachoh" {Dex+5} (You found it on level 8 of the Dungeon)
  8147 | D:8      | Got an ichor-stained rapier
  8148 | D:8      | Identified the +3 rapier of the Egg {flame, Str+3} (You found it on level 8 of the Dungeon)
  8181 | D:8      | Noticed a glowing orange brain
  8191 | D:8      | Noticed a wolf spider
  8191 | D:8      | a glowing orange brain changed into a wolf spider
  8200 | D:8      | Killed a wolf spider
  8221 | D:8      | HP: 3/79 [poisoned by a wolf spider]
  8227 | D:8      | HP: 3/79 [poisoned by a wolf spider]
  8232 | D:8      | HP: 3/79 [poisoned by a wolf spider]
  8378 | D:8      | Identified Hiejil's Incunabulum of the Frostbite and Changing
  8528 | D:9      | Reached XP level 11. HP: 84/84 MP: 12/12
  8803 | D:9      | Found a staircase to the Lair.
  8834 | D:9      | Reached **** piety under Dithmenos
  9066 | D:9      | Noticed Maurice
  9198 | D:9      | Killed Maurice
  9512 | Lair:1   | Entered Level 1 of the Lair of Beasts
 10837 | Lair:2   | Noticed an eight-headed hydra
 10851 | Lair:2   | Killed an eight-headed hydra
 11182 | Lair:2   | Found a staircase to the Swamp.
 11218 | Lair:2   | Reached XP level 12. HP: 92/94 MP: 13/13
 11359 | Lair:3   | Found a burning altar of Makhleb.
 11502 | Lair:3   | Found a staircase to the Snake Pit.
 11518 | Lair:3   | Reached skill level 10 in Stealth
 12098 | Lair:3   | Reached ***** piety under Dithmenos
 12269 | Lair:4   | Noticed Harold
 12315 | Lair:4   | Killed Harold
 12805 | Lair:4   | Reached XP level 13. HP: 101/101 MP: 16/16
 13187 | Lair:4   | Reached skill level 5 in Invocations
 13713 | Lair:5   | Noticed Snorg
 13723 | Lair:5   | Killed Snorg
 13753 | Lair:5   | Got a transparent lead ring
 13756 | Lair:5   | Identified the ring "Duxtutan" {rPois Dex+2 Stlth-} (You found it on level 5 of the Lair of Beasts)
 14083 | Lair:6   | Entered Level 6 of the Lair of Beasts
 14099 | Lair:6   | Noticed Nessos
 14281 | Lair:6   | Killed Nessos
 14287 | Lair:6   | Reached skill level 10 in Dodging
 14342 | Lair:6   | Reached skill level 10 in Short Blades
 14415 | Lair:6   | Reached skill level 10 in Fighting
 14445 | Lair:6   | Found a viscous altar of Jiyva.
 14445 | Lair:6   | Found a staircase to the Slime Pits.
 14521 | Lair:6   | Reached skill level 10 in Shields
 15311 | Lair:6   | Reached XP level 14. HP: 110/110 MP: 19/19
 15704 | D:10     | Entered Level 10 of the Dungeon
 15730 | D:10     | Noticed Psyche
 15745 | D:10     | Killed Psyche
 16036 | D:10     | Reached ****** piety under Dithmenos
 16132 | D:10     | Noticed Sonja
 16134 | D:10     | Killed Sonja
 16164 | D:10     | Found a staircase to the Orcish Mines.
 16469 | Orc:1    | Entered Level 1 of the Orcish Mines
 16615 | Orc:2    | Entered Level 2 of the Orcish Mines
 17518 | Orc:2    | Found a staircase to the Elven Halls.
 17999 | Orc:2    | Found Qatip's Book Emporium.
 18027 | Orc:2    | Paralysed by an orc sorcerer for 6 turns
 18461 | Orc:2    | Upgraded the game from 0.20-a0-4-gd166d5d to 0.20-a0-9-g62d82d9
 18486 | Orc:2    | Noticed an orc warlord
 18516 | Orc:1    | Paralysed by an orc sorcerer for 3 turns
 18615 | Orc:2    | Found Bafronycs's Gadget Boutique.
 18621 | Orc:2    | Found Jotanol's Assorted Antiques.
 18623 | Orc:2    | Found Guurgh's Food Emporium.
 18717 | Orc:2    | Bought a crude leather armour for 133 gold pieces
 18739 | Orc:2    | Identified the +1 leather armour of the Komodo Dragon {Str+3} (You bought it in a shop on level 2 of the Orcish Mines)
 18739 | Orc:2    | Upgraded the game from 0.20-a0-9-g62d82d9 to 0.20-a0-46-g4a4b873
 18818 | Orc:2    | Paralysed by an orc sorcerer for 4 turns
 18834 | Orc:1    | HP: 5/111 [orc sorcerer/bolt of negative energy (29)]
 18861 | D:10     | Slain by a hand axe of electrocution

Vault maps used:
D:1:      lightli_arrival_lavapool, st_stairs_7, feat_on_display
D:2:      hangedman_feature_mirror, minmay_tromino_v2
D:3:      kennysheep_generic_room_16, uniq_iyjb
D:4:      uniq_sigmund
D:5:      first_bread, kennysheep_generic_room_5
D:6:      serial_shops, nicolae_shop_behind_doors, grunt_ministairs_12
D:7:      basic_altar, grunt_livestock, fountainhead
D:8:      lemuel_ratsnest, kennysheep_just_a_vault
D:9:      minmay_lair_entry_lava, kennysheep_generic_room_8, uniq_maurice
D:10:     orc_0_dummy, uniq_sonja, uniq_psyche
Temple:   kilobyte_greek_temple
Lair:2:   minmay_swamp_entry_worms, guppyfry_lair_drakes
Lair:3:   guppyfry_snake_entry_island, basic_altar, minivault_23
Lair:4:   grunt_megastairs_2, uniq_harold
Lair:5:   roderic_carrion_pond, serial_bayou_shore_b, uniq_snorg
Lair:6:   cheibrodos_lair_end_hotspot, slime_altar_1, uniq_nessos
Orc:1:    serial_shops, shop
Orc:2:    st_orc_elflike

Skill      XL: |  1  2  3  4  5  6  7  8  9 10 11 12 13 14 |
---------------+-------------------------------------------+-----
Dodging        | 2 3 4 5 7 8 9 10 11 | 11.0
Stealth        | 5 6 7 8 9 10 11 | 11.3
Fighting       | 3 4 6 7 8 9 10 | 10.9
Short Blades   | 3 4 5 7 8 9 10 11 | 11.0
Shields        | 2 3 4 5 6 8 9 10 | 10.8
Invocations    | 2 4 7 |  7.0
Throwing       | |  2.0

Action                   |  1- 3 |  4- 6 |  7- 9 | 10-12 | 13-15 || total
-------------------------+-------+-------+-------+-------+-------++-------
Melee: Dagger            |   100 |   392 |   412 |   772 |    92 ||  1768
       Short sword       |       |       |       |   376 |  1348 ||  1724
Invok: Shadow Step       |       |       |       |     1 |     3 ||     4
Evoke: Wand              |       |       |       |     1 |       ||     1
  Use: Scroll            |       |    10 |     5 |    11 |     9 ||    35
       Potion            |       |       |       |     1 |     3 ||     4
 Stab: Sleeping          |     6 |     6 |    22 |    44 |    28 ||   106
       Distracted        |     1 |       |       |       |     6 ||     7
       Held in net/web   |       |       |       |     1 |       ||     1
  Eat: Chunk             |     1 |     8 |     8 |    20 |    19 ||    56
       Fruit             |       |       |     3 |       |       ||     3
       Beef jerky        |       |       |       |       |     1 ||     1
Armor: Robe              |    18 |    74 |    10 |    71 |       ||   173
       Troll leather arm |       |       |       |       |    50 ||    50
       Leather armour    |       |       |       |       |     7 ||     7
Dodge: Dodged            |    56 |   176 |    71 |   402 |   444 ||  1149
Block: Shield            |       |   114 |   245 |   963 |  1181 ||  2503
       Reflection        |       |       |       |     9 |    17 ||    26
